AoeStats
← Homer554

Glade

510480902Analyzed
1v1 RM · 17h ago on Oct 1, 2026· 68m 46s· 2 players
Game mode
Random Map
Map size
Tiny (2 player)
Population
200
Speed
Normal
Resources
Standard
Victory
Conquest
Starting age
Dark Age
Ending age
Imperial Age
RankedLock teamsTeams togetherTeam positionsShared explorationLock speedFull tech treeHidden civsTurbo modeCheats
Victory
Defeat
🇦🇺 Inca · Australia
791
+18
🇷🇺 Britons · Russia
836
-18
Apex_predator
10:00 Feudal Age
10:06 Loom
11:45 Arson
12:33 Champi Runner
22:11 Castle Age
20:04 Double-Bit Axe
21:03 Fletching
21:53 Town Watch
23:00 Bodkin Arrow
23:42 Elite Skirmisher
25:26 Crossbowman
26:16 Horse Collar
29:08 Bow Saw
30:59 Heavy Plow
31:16 Squires
33:53 Thumb Ring
35:40 Wheelbarrow
37:49 Padded Archer Armor
39:25 Hand Cart
39:40 Gold Mining
39:43 Stone Mining
41:29 Andean Sling
44:34 Imperial Age
42:06 Guard Tower
43:17 Leather Archer Armor
42:31 Champi Warrior
44:18 Scale Mail Armor
45:19 Gold Shaft Mining
46:27 Ballistics
47:20 Conscription
52:04 Chemistry
51:46 Crop Rotation
51:53 Block Printing
53:11 Stone Shaft Mining
55:21 Bracer
55:42 Arbalester
57:47 Ring Archer Armor
58:21 Keep
57:21 Onager
58:09 Town Patrol
58:11 Pikeman
59:14 Capped Ram
59:44 Treadmill Crane
60:25 Elite Champi Warrior
61:21 Forging
63:07 Iron Casting
63:23 Siege Engineers
63:38 Chain Mail Armor
64:34 Siege Ram
68:23 Sanctity
68:29 Fabric Shields
70:07 Blast Furnace
Homer554
11:07 Feudal Age
15:23 Castle Age
12:56 Man-at-Arms
13:24 Horse Collar
13:58 Double-Bit Axe
14:47 Loom
15:53 Scale Mail Armor
18:11 Fletching
18:26 Gambesons
19:36 Padded Archer Armor
19:45 Town Watch
20:54 Long Swordsman
22:07 Heavy Plow
23:42 Wheelbarrow
23:56 Forging
24:44 Squires
26:56 Chain Mail Armor
27:21 Bodkin Arrow
27:55 Crossbowman
30:37 Bow Saw
32:59 Hand Cart
34:32 Iron Casting
34:13 Leather Archer Armor
34:30 Stone Mining
34:33 Gold Mining
35:34 Ballistics
35:26 Fortified Wall
35:30 Masonry
38:42 Murder Holes
42:27 Imperial Age
40:27 Treadmill Crane
41:48 Town Patrol
44:16 Hoardings
43:08 Two-Handed Swordsman
44:08 Bracer
43:52 Elite Skirmisher
45:33 Yeomen
45:38 Conscription
47:28 Warwolf
47:44 Champion
50:20 Two-Man Saw
50:48 Plate Mail Armor
52:07 Pikeman
53:56 Siege Engineers
56:03 Architecture
57:42 Chemistry
57:17 Halberdier
63:59 Blast Furnace
65:39 Arson
Connection lost

Rejoining the realm…

Still unreachable

The connection could not be restored.

Session expired

The server has moved on; the page needs a fresh start.